 Dungeon Crawl Stone Soup version 0.17.0-24-gcfadda4 (webtiles) character file.

23 Arkorax the Sneak (level 3, -2/30 HPs)
             Began as a Formicid Assassin on Nov 18, 2015.
             Slain by a giant gecko (4 damage)
             ... on level 2 of the Dungeon.
             The game lasted 00:01:55 (860 turns).

Arkorax the Sneak (Formicid Assassin)                Turns: 860, Time: 00:01:55

Health: -2/30      AC:  3    Str: 16    XL:     3   Next: 10%
Magic:  3/3        EV: 11    Int: 10    God:
Gold:   52         SH:  0    Dex: 12    Spells: 0 memorised, 2 levels left

rFire  . . .     SeeInvis +     w - -2 whip (curse)
rCold  . . .     Clarity  .     c - +0 robe
rNeg   + . .     SustAt   .     (no shield)
rPois  .         Gourm    .     (helmet unavailable)
rElec  .         Spirit   .     d - +0 cloak
rCorr  .         Warding  .     (no gloves)
rMut   .         Stasis   +     (no boots)
MR     .....                    (no amulet)
Stlth  +++.......               (no ring)
                                q - ring of positive energy

@: not resistant to hostile enchantments, fairly stealthy
A: permanent stasis, dig shafts and tunnels, four strong arms, antennae 3
a: Dig, Shaft Self


You were on level 2 of the Dungeon.
You were not hungry.

You visited 1 branch of the dungeon, and saw 2 of its levels.

You collected 52 gold pieces.

Inventory:

Hand Weapons
 a - a +2 dagger
 b - a +0 blowgun
 r - a +0 short sword
 t - a -2 falchion
 w - a cursed -2 whip (weapon)
Missiles
 e - 8 poisoned needles
 f - 2 curare-tipped needles
Armour
 c - a +0 robe (worn)
 d - a +0 cloak (worn)
Jewellery
 q - a ring of positive energy (left hand)
Scrolls
 h - a scroll of identify
 i - a scroll of teleportation {unknown}
 k - a scroll of noise {unknown}
 m - a scroll of magic mapping {unknown}
 o - a scroll of amnesia {unknown}
 p - 2 scrolls of enchant weapon {unknown}
Potions
 n - a potion of lignification
 s - a potion of degeneration {unknown}
 u - a potion of heal wounds {unknown}
 v - a potion of might {unknown}
Comestibles
 g - 2 bread rations
 j - 2 beef jerkies
 l - a slice of pizza


   Skills:
 + Level 3.7 Fighting
 - Level 2.0 Short Blades
 - Level 1.5 Throwing
 - Level 0.8 Dodging
 - Level 4.8 Stealth


You had 2 spell levels left.
You didn't know any spells.

Dungeon Overview and Level Annotations

Branches:
Dungeon (2/15)

Altars:


Innate Abilities, Weirdness & Mutations

You are under a permanent stasis effect.
You can dig through walls and to a lower floor.
Your four strong arms can wield two-handed weapons with a shield.
You have a pair of large antennae on your head (SInv).


Message History

The giant gecko bites you but does no damage.
The giant gecko closely misses you. The goblin hits you with a club.
The giant gecko bites you but does no damage.
The goblin hits you but does no damage. The giant gecko misses you.
The giant gecko bites you. The goblin hits you but does no damage.
The giant gecko closely misses you. The goblin barely misses you.
The giant gecko bites you. The goblin closely misses you.
The giant gecko bites you.
* * * LOW HITPOINT WARNING * * *
The giant gecko bites you.
* * * LOW HITPOINT WARNING * * *
The goblin closely misses you. The giant gecko closely misses you.
The goblin hits you with a club.
* * * LOW HITPOINT WARNING * * *
The giant gecko closely misses you. The goblin hits you but does no damage.
The giant gecko barely misses you. The giant gecko closely misses you.
The goblin misses you. The giant gecko bites you.
You die...

##.##.# #.#####.# ##...#.######
#.......#
............###########.#######
##...#.####.............#
##....# #############^#
....#### #.......# ###.
#.#####.# # ########.# #.#
).....l@.# #.### ......g#.#
#...# .#####.#.#####.#.#######
#.#.......#........
#.#######<######### #. #.# #.
#.# #. #.# { ..#


You could see a giant gecko and a goblin.

Vanquished Creatures
  A ball python (D:2)
  3 giant cockroaches
  2 hobgoblins
  4 bats (D:1)
  2 giant newts (D:1)
  6 kobolds (D:1)
  5 rats (D:1)
23 creatures vanquished.

Notes
Turn   | Place    | Note
--------------------------------------------------------------
     0 | D:1      | Arkorax the Formicid Assassin began the quest for the Orb.
     0 | D:1      | Reached XP level 1. HP: 16/16 MP: 1/1
   201 | D:1      | Reached XP level 2. HP: 23/23 MP: 2/2
   719 | D:2      | Reached XP level 3. HP: 29/29 MP: 3/3
   860 | D:2      | Slain by a giant gecko

Action                   || total
-------------------------++-------
Melee: Dagger            ||    30
       Short sword       ||     5
       Falchion          ||    10
       Whip              ||     2
  Use: Scroll            ||     3
 Stab: Sleeping          ||    11
